 Dungeon Crawl Stone Soup version 0.20-a0-1043-gbd57889 (webtiles) character file.

204879 Rrauwl the Executioner (level 18, -10/220 HPs)
             Began as a Minotaur Warper on Apr 23, 2017.
             Was a High Priest of Okawaru.
             Mangled by an Ice Fiend (21 damage)
             ... in an ice cave on Apr 24, 2017.
             The game lasted 03:23:06 (32436 turns).

Rrauwl the Executioner (Minotaur Warper)           Turns: 32436, Time: 03:23:06

Health: -10/220    AC: 17    Str: 29    XL:     18   Next: 2%
Magic:  13/23      EV: 23    Int: 15    God:    Okawaru [*****.]
Gold:   2922       SH:  0    Dex: 16    Spells: 9/23 levels left

rFire    . . .     SeeInvis .   c - +0 executioner's axe (flame)
rCold    + . .     Gourm    .   (shield currently unavailable)
rNeg     . . .     Faith    .   u - +0 troll leather armour
rPois    +         Spirit   .   o - +2 hat {Int+3}
rElec    .         Reflect  .   Q - scarf {repulsion}
rCorr    .         Harm     .   Z - +2 pair of gloves {Str+3}
MR       ++...     Clarity  +   (no boots)
Stlth    ..........             j - amulet of rage
Regen    1.3/turn               f - ring "Kawaiciudy" {rPois MR+ Str+3 Dex+2}
MPRegen  0.2/turn               i - ring of protection from cold

@: berserking, heroism, very slightly contaminated, slowed, repel missiles
A: retaliatory headbutt, hooves 1, horns 2, iridescent scales 1, yellow scales
1, clarity, poison resistance, regeneration 1, evolution 1
}: 1/15 runes: serpentine
a: Heroism, Finesse, Renounce Religion, Evoke Berserk Rage


You were in an ice cave.
You worshipped Okawaru.
Okawaru was extremely pleased with you.
You were not hungry.

You visited 6 branches of the dungeon, and saw 31 of its levels.
You also visited: Labyrinth, Sewer and Ice Cave.

You collected 3009 gold pieces.
You spent 87 gold pieces at shops.

Inventory:

Hand Weapons
 a - a +7 battleaxe of electrocution
 c - a +0 executioner's axe of flaming (weapon)
 R - the +3 fustibalus of Kindness {venom, Str+7}
   (Okawaru gifted it to you on level 4 of the Snake Pit)

   It poisons the ammo it fires.
   It affects your strength (+7).
Missiles
 e - 5 tomahawks of dispersal (quivered)
Armour
 o - a +2 hat of intelligence (worn)
 p - +0 swamp dragon scales
 u - a +0 troll leather armour (worn)
 Q - a scarf of repulsion (worn)
 Z - a +2 pair of gloves of strength (worn)
Jewellery
 f - the ring "Kawaiciudy" (left hand) {rPois MR+ Str+3 Dex+2}
   (You found it on level 5 of the Lair of Beasts)

   [ring of dexterity]

   It affects your strength (+3).
   It affects your dexterity (+2).
   It protects you from poison.
   It affects your resistance to hostile enchantments.
 i - a ring of protection from cold (right hand)
 j - an amulet of rage (around neck)
 M - an uncursed ring of protection from fire
Wands
 q - a wand of disintegration (19/24)
 r - a wand of polymorph (4/24)
 y - a wand of iceblast (5/15)
 F - a wand of confusion (15/48)
 I - a wand of enslavement (16/24)
 J - a wand of digging (8/24)
 S - a wand of iceblast (10/15)
Scrolls
 d - 4 scrolls of blinking
 k - 6 scrolls of enchant armour
 l - 17 scrolls of identify
 x - a scroll of magic mapping
 D - 6 scrolls of teleportation
 E - 13 scrolls of remove curse
 L - 6 scrolls of recharging
 P - 2 scrolls of fog
 T - a scroll of fear
 W - a scroll of amnesia
Potions
 g - 8 potions of might
 h - a potion of heal wounds
 m - 9 potions of curing
 n - 3 potions of invisibility
 t - a potion of mutation
 v - 7 potions of agility
 w - a potion of resistance
 z - 4 potions of flight
 B - a potion of magic
 N - a potion of haste
 U - 2 potions of cancellation {unknown}
Books
 C - the Almanac of Dark Venom
   (You found it on level 2 of the Swamp)

   Spells                             Type                      Level
   a - Animate Skeleton               Necromancy                   1
   b - Pain                           Necromancy                   1
   c - Mephitic Cloud                 Conjuration/Poison/Air       3
   d - Olgreb's Toxic Radiance        Poison                       4
   e - Dispel Undead                  Necromancy                   5
   f - Death Channel                  Necromancy                   6
 H - Roxanne's Incunabulum of Transmigration
   (You took it off Roxanne on level 3 of the Swamp)

   Spells                             Type                      Level
   a - Beastly Appendage              Transmutation                1
   b - Sticks to Snakes               Transmutation                2
   c - Passwall                       Transmutation/Earth          2
   d - Statue Form                    Transmutation/Earth          6
   e - Dragon Form                    Transmutation                7
Miscellaneous
 s - a lightning rod (4/4)
 G - 2 boxes of beasts
 K - a lamp of fire
 V - a crystal ball of energy
Comestibles
 b - 8 fruits
 A - 18 royal jellies


   Skills:
 - Level 10.0(15.0) Fighting
 + Level 26.2(27) Axes
 - Level 1.0(6.0) Throwing
 - Level 13.1(18.1) Armour
 - Level 10.0(15.0) Dodging
 - Level 3.1 Spellcasting
 - Level 3.0 Charms
 - Level 3.0 Necromancy
 - Level 5.0 Translocations
 - Level 4.0 Air Magic
 - Level 8.0 Invocations
 - Level 6.0 Evocations


You had 9 spell levels left.
You knew the following spells:

 Your Spells              Type           Power        Failure   Level  Hunger
a - Blink                 Tloc           N/A          4%          2    ##.....
b - Passage of Golubria   Tloc           N/A          26%         4    #####..
c - Regeneration          Chrm/Necr      ##........   19%         3    ###....
d - Swiftness             Chrm/Air       ##......     8%          2    ##.....
e - Mephitic Cloud        Conj/Pois/Air  #.......     36%         3    ###....


Dungeon Overview and Level Annotations

Branches:
Dungeon (15/15)            Temple (1/1) D:4            Lair (6/6) D:11
  Swamp (3/4) Lair:2        Snake (4/4) Lair:4        Slime (0/5) Lair:5
    Orc (2/2) D:9             Elf (0/3) Orc:2        Vaults (0/5) D:13
 Depths (0/5) D:15

Altars:
Ashenzari
Cheibriados
Dithmenos
Elyvilon
Fedhas
Gozag
Hepliaklqana
Kikubaaqudgha
Makhleb
Nemelex Xobeh
Okawaru
Qazlal
Ru
Sif Muna
Trog
Uskayaw
Vehumet
Wu Jian
Xom
Yredelemnul
Zin
The Shining One
Beogh

Shops:
D:11 !   D:13 (   Orc:2 ([*[


Innate Abilities, Weirdness & Mutations

You reflexively headbutt those who attack you in melee.
You have a pair of horns on your head.
You have large cloven feet.
You are partially covered in iridescent scales. (AC +2)
You are partially covered in yellow scales. (AC +2)
You possess an exceptional clarity of mind.
Your system is resistant to poisons. (rPois)
Your natural rate of healing is unusually fast.
You evolve.


Message History

The freezing wraith hits you but does no damage.
The freezing wraith hits you!
* * * LOW HITPOINT WARNING * * *
The freezing wraith drains your vigour!
You feel yourself slow down.
You slash the Ice Fiend! You burn the Ice Fiend. You headbutt the Ice Fiend!
The Ice Fiend is heavily wounded.
You barely miss the freezing wraith. The Ice Fiend barely misses you.
The Ice Fiend claws you!
* * * LOW HITPOINT WARNING * * *
The Ice Fiend freezes you!! You resist.
* * * LOW HITPOINT WARNING * * *
The freezing wraith closely misses you.
The freezing wraith hits you but does no damage.
You are too berserk!
You slice the Ice Fiend!! You burn the Ice Fiend.
Your kick misses the Ice Fiend. You headbutt the Ice Fiend!
The Ice Fiend is severely wounded.
You slash the freezing wraith! You burn the freezing wraith.
The Ice Fiend completely misses you. The Ice Fiend claws you!!
You die...

...#.≈######......## ##......##
..#.##≈≈##..##.....####..###..≈##
#..####≈≈≈######(...#...###..⌠..#
#...####≈≈≈# ####...### ##...##
###..##≈≈≈≈≈≈≈##..####### #..###
##..##≈≈≈≈≈≈≈##.#.####≈.####..#
#..###≈≈≈≈≈≈≈≈≈≈.#.#.≈##§#..###
###..#≈≈≈≈≈≈≈≈#.##..#####§###
##...##≈≈≈≈≈≈##W@)### ###
####..##≈≈≈###Z1###
###.####≈≈≈##.Z## #..## ≈ ##..
#...# ##.. ..### #.. ### #Z. #
41. ..Z


You could see an Ice Fiend, a freezing wraith, a dire elephant simulacrum and a
wolf spider simulacrum.

Vanquished Creatures
  Vashnia (Snake:2)
  Rupert (Lair:5)
  Gastronok (Lair:2)
  3 thorn hunters (Swamp:2)
  Kirke (D:13)
  8 nagarajas
  Roxanne (Swamp:3)
  A minotaur (Lab)
  A fire dragon (Lair:4)
  15 hydras
  A vault guard (D:13)
  15 naga warriors
  9 anacondas
  A ghost crab (Swamp:1)
  2 catoblepae
  4 centaur warriors
  11 alligators
  6 two-headed ogres
  2 tengu warriors (D:14)
  3 death yaks (Lair:6)
  The ghost of SushiGirl the Destroyer, a journeyman DECj of Vehumet (Orc:1)
  12 naga sharpshooters
  5 shock serpents
  4 salamander mystics (Snake:4)
  A death drake (shapeshifter) (D:15)
  2 swamp dragons
  2 unseen horrors
  5 sea snakes (Snake:1)
  A spriggan druid (Swamp:2)
  5 naga ritualists
  Pikel (D:8)
  A necromancer (D:15)
  6 lindwurms
  3 shambling mangroves
  16 mana vipers
  2 wolf spider zombies
  2 deep elf magi
  11 cyclopes
  4 oklob plants (Lair:2)
  2 orc sorcerers
  2 orc knights
  2 manticores
  7 salamanders
  6 ugly things
  5 elephants
  2 centaur zombies (D:15)
  2 ice statues
  8 guardian serpents
  29 black mambas
  22 naga magi
  2 gargoyles (D:14)
  14 spiny frogs
  15 rime drakes
  6 komodo dragons
  A kobold demonologist (D:11)
  3 anaconda simulacra (IceCv)
  A yaktaur (D:15)
  2 efreet
  2 freezing wraiths (IceCv)
  A harpy zombie (D:15)
  4 ice devils (IceCv)
  5 trolls
  10 hornets
  A wolf spider simulacrum (D:15)
  5 tyrant leeches
  4 dream sheep
  6 polar bears
  12 slime creatures
  12 blink frogs
  2 bog bodies
  7 hippogriffs
  A water elemental (D:11)
  16 spriggans
  3 dire elephant simulacra (IceCv)
  A wraith (D:14)
  35 yaks
  3 centaur simulacra
  2 vampires
  A basilisk (D:13)
  4 hungry ghosts
  8 steam dragons (Lair:4)
  14 vampire mosquitoes
  10 insubstantial wisps
  31 nagas
  The ghost of Rrauwl the Slasher, an amateur TeFi (D:3)
  10 swamp worms
  2 wargs (Orc:2)
  2 harpy simulacra (IceCv)
  3 iron troll simulacra (IceCv)
  6 porcupines
  10 water moccasins
  A hydra simulacrum (IceCv)
  3 swamp drakes
  11 ice beasts
  36 orc warriors
  A slave (D:8)
  2 sky beasts
  10 ogres
  4 black bears
  An eye of draining (D:11)
  A necrophage (D:9)
  2 phantoms
  34 wolves
  4 boggarts (Lair:6)
  An ettin simulacrum (IceCv)
  25 centaurs
  15 crocodiles
  5 big kobolds
  11 bullfrogs
  A wyvern zombie (D:12)
  4 scorpions
  A wyvern skeleton (D:15)
  9 killer bees
  A swamp dragon simulacrum (IceCv)
  5 howler monkeys
  3 wights (D:8)
  10 electric eels
  4 draconian simulacra (IceCv)
  4 lava snakes (Lab)
  7 crimson imps
  A bullfrog zombie (D:12)
  2 bullfrog skeletons
  7 jellies
  11 hounds
  9 orc priests
  14 orc wizards
  5 iguanas
  4 centaur skeletons
  Natasha (thrice) (D:2)
  20 worker ants
  A polar bear simulacrum (IceCv)
  2 spriggan simulacra (IceCv)
  4 troll simulacra (IceCv)
  A hound zombie (D:8)
  A hound skeleton (D:7)
  2 worker ant zombies
  4 gnolls (D:7)
  14 adders
  A naga simulacrum (IceCv)
  An ogre simulacrum (IceCv)
  3 shadow imps
  7 white imps (IceCv)
  8 ufetubi (IceCv)
  15 oozes (Sewer)
  2 adder skeletons
  An adder zombie (D:8)
  A worm (D:3)
  4 dart slugs
  23 leopard geckos
  70 orcs
  18 giant cockroaches
  10 goblins
  7 hobgoblins
  3 jackals (D:1)
  23 kobolds
  6 quokkas
  17 ball pythons
  5 bats
  14 frilled lizards
  A jackal skeleton (D:5)
  2 leopard gecko skeletons
  10 rats
  5 fungi
  2 plants (Lair:2)
1116 creatures vanquished.

Vanquished Creatures (others)
  5 humans (D:13)
  A steam dragon (Lair:4)
  A swamp worm (Swamp:2)
  2 slaves (D:8)
  A centaur (D:14)
  A wight (D:8)
  An orc wizard (D:10)
  A white imp (IceCv)
  2 fungi (Lair:6)
  3 plants
  8 toadstools (Lair:5)
26 creatures vanquished.

Grand Total: 1142 creatures vanquished

Notes
Turn   | Place    | Note
-------+----------+-------------------------------------------
     0 | D:1      | Rrauwl the Minotaur Warper began the quest for the Orb.
     0 | D:1      | Reached XP level 1. HP: 18/18 MP: 1/1
   136 | D:1      | Reached XP level 2. HP: 15/25 MP: 3/3
   338 | D:1      | Learned a level 2 spell: Blink
   896 | D:1      | Reached XP level 3. HP: 30/30 MP: 4/4
  1023 | D:2      | Noticed Natasha
  1029 | D:2      | Killed Natasha
  1029 | D:2      | Reached skill level 3 in Axes
  1085 | D:2      | Reached XP level 4. HP: 35/38 MP: 5/5
  1367 | D:2      | Found a sacrificial altar of Ru.
  1388 | D:2      | Reached XP level 5. HP: 45/45 MP: 6/6
  1536 | D:2      | Found a sparkling altar of Nemelex Xobeh.
  1536 | D:2      | Noticed Natasha
  1545 | D:2      | Killed Natasha
  1760 | D:2      | Noticed Natasha
  1765 | D:2      | Killed Natasha
  1765 | D:2      | Reached skill level 1 in Evocations
  2054 | D:3      | Noticed Rrauwl's ghost (amateur TeFi)
  2067 | D:3      | Killed Rrauwl's ghost
  2067 | D:3      | Reached skill level 4 in Axes
  2067 | D:3      | Reached XP level 6. HP: 32/52 MP: 8/8
  3312 | D:4      | Reached XP level 7. HP: 60/60 MP: 9/9
  3492 | D:4      | Gained mutation: Your flesh is heat resistant. (rF+) [potion of mutation]
  3492 | D:4      | Gained mutation: You evolve. [potion of mutation]
  3492 | D:4      | Gained mutation: Armour fits poorly on your strangely shaped body. [potion of mutation]
  3492 | D:4      | Gained mutation: Your system is resistant to poisons. (rPois) [potion of mutation]
  3548 | D:4      | Found a shimmering altar of Xom.
  3608 | D:4      | Found a staircase to the Ecumenical Temple.
  3616 | Temple   | Entered the Ecumenical Temple
  3660 | Temple   | Became a worshipper of Warmaster Okawaru
  3713 | Temple   | Lost mutation: Armour fits poorly on your strangely shaped body. [evolution]
  4117 | D:5      | Entered Level 5 of the Dungeon
  4146 | D:5      | Reached skill level 1 in Invocations
  4232 | D:5      | Reached skill level 5 in Axes
  4236 | D:5      | Reached skill level 5 in Dodging
  4275 | D:5      | Reached skill level 5 in Fighting
  4323 | D:5      | Learned a level 4 spell: Passage of Golubria
  4327 | D:5      | Found a stormy altar of Qazlal.
  4413 | D:5      | Found an opulent altar of Gozag.
  4447 | D:5      | Reached XP level 8. HP: 68/68 MP: 10/10
  4462 | D:5      | Found a glowing drain.
  4474 | Sewer    | Entered a sewer
  4534 | Sewer    | Reached skill level 5 in Armour
  4590 | Sewer    | Reached * piety under Okawaru
  4780 | Sewer    | Reached skill level 6 in Axes
  4957 | D:5      | Gained mutation: You rapidly evolve. [evolution]
  5013 | D:5      | Found a deep blue altar of Sif Muna.
  5380 | D:6      | Reached skill level 7 in Axes
  5509 | D:6      | Reached ** piety under Okawaru
  5509 | D:6      | Reached XP level 9. HP: 74/74 MP: 11/11
  5760 | D:7      | Found an ornate altar of the Wu Jian Council.
  5885 | D:7      | Reached skill level 8 in Axes
  5931 | D:7      | Found a bloodstained altar of Trog.
  6011 | D:7      | Gained mutation: You possess an exceptional clarity of mind. [evolution]
  6266 | D:7      | Reached *** piety under Okawaru
  6535 | D:7      | Reached skill level 9 in Axes
  6882 | D:7      | Found a blossoming altar of Fedhas.
  7038 | D:8      | Reached XP level 10. HP: 80/81 MP: 12/12
  7063 | D:8      | Noticed Pikel
  7076 | D:8      | Killed Pikel
  7076 | D:8      | Reached **** piety under Okawaru
  7076 | D:8      | Reached skill level 10 in Axes
  7085 | D:8      | Reached skill level 10 in Armour
  7155 | D:8      | Gained mutation: You are partially covered in icy blue scales. (AC +2) [evolution]
  7936 | D:9      | Noticed a two-headed ogre
  7940 | D:9      | Upgraded the game from 0.20-a0-1040-gfd09691 to 0.20-a0-1043-gbd57889
  7944 | D:9      | Killed a two-headed ogre
  7944 | D:9      | Reached skill level 11 in Axes
  8058 | D:9      | Reached ***** piety under Okawaru
  8197 | D:9      | Found a glowing silver altar of Zin.
  8284 | D:9      | Found a burning altar of Makhleb.
  8432 | D:9      | Found an ancient bone altar of Kikubaaqudgha.
  8433 | D:9      | Found a shadowy altar of Dithmenos.
  8468 | D:9      | Found a staircase to the Orcish Mines.
  8569 | D:10     | Entered Level 10 of the Dungeon
  8764 | D:10     | Noticed a two-headed ogre
  8768 | D:10     | Killed a two-headed ogre
  8822 | D:10     | Reached skill level 5 in Evocations
  8822 | D:10     | Reached XP level 11. HP: 69/89 MP: 13/13
  9088 | D:10     | Killed an unseen horror
  9088 | D:10     | Reached skill level 12 in Axes
  9348 | D:10     | Noticed a two-headed ogre
  9354 | D:10     | Killed a two-headed ogre
  9354 | D:10     | Reached ****** piety under Okawaru
  9354 | D:10     | Reached skill level 5 in Invocations
  9571 | D:10     | Gained mutation: You are partially covered in iridescent scales. (AC +2) [evolution]
  9971 | D:10     | Received a gift from Okawaru
 10042 | D:10     | Noticed a two-headed hydra
 10046 | D:10     | Killed a two-headed hydra
 10046 | D:10     | Reached skill level 13 in Axes
 10222 | D:11     | Noticed a two-headed ogre
 10223 | D:11     | Found Rekysul's Distillery.
 10232 | D:11     | Killed a two-headed ogre
 10565 | D:11     | Reached XP level 12. HP: 94/104 MP: 15/15
 10578 | D:11     | Found a staircase to the Lair.
 10764 | D:11     | Reached skill level 14 in Axes
 11135 | D:11     | Noticed a four-headed hydra
 11142 | D:11     | Killed a four-headed hydra
 11142 | D:11     | Reached skill level 10 in Fighting
 11194 | D:11     | Found a glowing golden altar of the Shining One.
 11327 | Lair:1   | Entered Level 1 of the Lair of Beasts
 11423 | Lair:1   | Noticed a six-headed hydra
 11432 | Lair:1   | Killed a six-headed hydra
 11933 | Lair:2   | Noticed Gastronok
 11951 | Lair:2   | Killed Gastronok
 11951 | Lair:2   | Received a gift from Okawaru
 11951 | Lair:2   | Reached skill level 15 in Axes
 12123 | Lair:2   | Reached skill level 5 in Translocations
 12750 | Lair:2   | Found a staircase to the Swamp.
 13023 | Lair:3   | Noticed a five-headed hydra
 13033 | Lair:3   | Reached XP level 13. HP: 113/113 MP: 13/16
 13087 | Lair:3   | Reached skill level 16 in Axes
 13196 | Lair:3   | Lost mutation: Your flesh is heat resistant. (rF+) [evolution]
 13795 | Lair:4   | Learned a level 3 spell: Regeneration
 13886 | Lair:4   | Received a gift from Okawaru
 13896 | Lair:4   | Found a staircase to the Snake Pit.
 14025 | Lair:4   | Reached skill level 1 in Charms
 14029 | Lair:4   | Reached skill level 1 in Necromancy
 14553 | Lair:4   | Noticed a fire dragon
 14567 | Lair:4   | Killed a fire dragon
 14666 | Lair:4   | Gained mutation: You are partially covered in yellow scales. (AC +2) [evolution]
 14666 | Lair:4   | Lost mutation: You rapidly evolve. [decline of evolution]
 14723 | Lair:4   | Reached skill level 10 in Dodging
 14730 | Lair:4   | Received a gift from Okawaru
 14993 | Lair:5   | Noticed Rupert
 15005 | Lair:5   | Killed Rupert
 15125 | Lair:5   | Found a staircase to the Slime Pits.
 15163 | Lair:5   | Found a labyrinth entrance.
 15173 | Lab      | Entered a labyrinth
 15226 | Lab      | Found an exit through the horrors of the Abyss.
 15323 | Lab      | Noticed a minotaur
 15331 | Lab      | Killed a minotaur
 16036 | Lair:5   | Reached skill level 17 in Axes
 16036 | Lair:5   | Reached XP level 14. HP: 114/121 MP: 17/17
 16143 | Lair:5   | Found a runed door.
 16267 | Lair:5   | Got a slimy copper ring
 16271 | Lair:5   | Identified the ring "Kawaiciudy" {rPois MR+ Str+3 Dex+2} (You found it on level 5 of the Lair of Beasts)
 16326 | Lair:6   | Entered Level 6 of the Lair of Beasts
 16664 | Lair:6   | Received a gift from Okawaru
 16669 | Lair:6   | Reached skill level 18 in Axes
 16822 | Lair:6   | Identified a scroll of acquirement
 17071 | Lair:6   | Got a bloodstained robe
 17082 | Lair:6   | Identified the cursed +1 robe "Cuneub" {MR- Regen+ Dex+2} (You found it on level 6 of the Lair of Beasts)
 17432 | Lair:6   | Learned a level 2 spell: Swiftness
 17567 | Lair:6   | Reached skill level 19 in Axes
 17693 | D:12     | Reached skill level 1 in Air Magic
 18203 | D:13     | Noticed Kirke
 18218 | D:13     | Killed Kirke
 18264 | D:13     | Found Caom's Antique Weapon Emporium.
 18538 | D:13     | Found a gate to the Vaults.
 18957 | D:14     | Received a gift from Okawaru
 19366 | D:14     | Found a shadowy altar of Dithmenos.
 19400 | D:14     | Reached XP level 15. HP: 126/126 MP: 16/19
 19419 | D:14     | Lost mutation: You are partially covered in icy blue scales. (AC +2) [evolution]
 19822 | D:15     | Entered Level 15 of the Dungeon
 20871 | D:15     | Reached skill level 20 in Axes
 20950 | D:15     | Found a staircase to the Depths.
 21303 | Orc:1    | Entered Level 1 of the Orcish Mines
 21342 | Orc:1    | Noticed SushiGirl's ghost (journeyman DECj)
 21353 | Orc:1    | Killed SushiGirl's ghost
 21458 | Orc:2    | Entered Level 2 of the Orcish Mines
 21478 | Orc:2    | Found a staircase to the Elven Halls.
 21641 | Orc:2    | Received a gift from Okawaru
 21895 | Orc:2    | Found Jazelao's Assorted Antiques.
 21895 | Orc:2    | Found Zoiseif's Armour Shoppe.
 21897 | Orc:2    | Found Siatuut's Antique Weapon Emporium.
 21899 | Orc:2    | Found Enoob's Armour Shop.
 21905 | Orc:2    | Bought a scroll of teleportation for 87 gold pieces
 22024 | Orc:2    | Received a gift from Okawaru
 22908 | Orc:1    | Found a roughly hewn altar of Beogh.
 23308 | Snake:1  | Entered Level 1 of the Snake Pit
 23475 | Snake:1  | Gained mutation: You have large cloven feet. [evolution]
 23605 | Snake:1  | Received a gift from Okawaru
 24680 | Snake:2  | Received a gift from Okawaru
 24685 | Snake:2  | Got a smoking battleaxe {god gift}
 24686 | Snake:2  | Identified the +2 battleaxe of Paper {flame, Fragile Int+8} (Okawaru gifted it to you on level 2 of the Snake Pit)
 24714 | Snake:2  | Reached skill level 21 in Axes
 24717 | Snake:2  | Reached XP level 16. HP: 123/134 MP: 21/21
 25201 | Snake:2  | Noticed Vashnia
 25406 | Snake:2  | Killed Vashnia
 26144 | Snake:3  | Received a gift from Okawaru
 26147 | Snake:3  | Reached skill level 22 in Axes
 27423 | Snake:4  | Entered Level 4 of the Snake Pit
 27508 | Snake:4  | Gained mutation: Your natural rate of healing is unusually fast. [evolution]
 28128 | Snake:4  | Reached skill level 23 in Axes
 28328 | Snake:4  | Received a gift from Okawaru
 28543 | Snake:4  | Reached XP level 17. HP: 123/140 MP: 22/22
 28573 | Snake:4  | Received a gift from Okawaru
 28573 | Snake:4  | Reached skill level 24 in Axes
 28586 | Snake:4  | Got an iridescent fustibalus {god gift}
 28587 | Snake:4  | Identified the +3 fustibalus of Kindness {venom, Str+7} (Okawaru gifted it to you on level 4 of the Snake Pit)
 29421 | Snake:4  | Got a serpentine rune of Zot
 29742 | Swamp:1  | Entered Level 1 of the Swamp
 29752 | Swamp:1  | Received a gift from Okawaru
 29755 | Swamp:1  | Got a shadowed robe {god gift}
 29766 | Swamp:1  | Identified the +1 robe of the Elven Halls {Dex+2} (Okawaru gifted it to you on level 1 of the Swamp)
 30099 | Swamp:1  | Got a slimy buckler
 30104 | Swamp:1  | Identified the cursed -5 buckler of Refuge {*Drain rElec rN++ rCorr} (You found it on level 1 of the Swamp)
 30170 | Swamp:1  | Reached skill level 25 in Axes
 31163 | Swamp:2  | Identified the Almanac of Dark Venom
 31169 | Swamp:2  | Learned a level 3 spell: Mephitic Cloud
 31454 | Swamp:3  | Found a shadowy altar of Dithmenos.
 31544 | Swamp:3  | Noticed Roxanne
 31587 | Swamp:3  | Killed Roxanne
 31594 | Swamp:3  | Identified Roxanne's Incunabulum of Transmigration (You took it off Roxanne on level 3 of the Swamp)
 31656 | Swamp:3  | Received a gift from Okawaru
 31656 | Swamp:3  | Reached skill level 26 in Axes
 31711 | Swamp:3  | Found a frozen archway.
 31727 | IceCv    | Entered an ice cave
 32173 | IceCv    | Reached XP level 18. HP: 95/147 MP: 23/23
 32409 | IceCv    | Noticed an Ice Fiend
 32426 | IceCv    | Received a gift from Okawaru
 32435 | IceCv    | HP: 10/220 [Ice Fiend (20)]
 32436 | IceCv    | Mangled by an Ice Fiend

Vault maps used:
D:1:      dpeg_arrival_prison, serial_co_window_serial,
          co_window_of_opportunity_a, co_window_cross_1, co_window_paths_a,
          co_window_paths_a, co_window_of_opportunity_a, co_window_broadway_c,
          co_window_broadway_b, co_window_corner_cb, glass_columns_a,
          glass_columns_a, glass_columns_a, glass_columns_a, st_stairs_12
D:2:      marbit_many_paths, nicolae_ru_great_annihilating_truth, first_bread,
          uniq_natasha
D:3:      eino_curves_03, kennysheep_big_empty_room
D:4:      xom_teletrap_fun, temple_statues, minmay_misc_feat_more_columns,
          st_stairs_10, minmay_goblin_kobold_house
D:5:      kennysheep_mini_moat, grunt_gozag_statues, led_sif_pool,
          gup_sewer_entry_pipe
D:7:      fedhas_altar_fruit_tree, kennysheep_little_box,
          overflow_temple_1_default
D:8:      uniq_pikel
D:9:      lightli_temple_of_fire, kennysheep_mini,
          gammafunk_temple_overflow_pools, orc_0_dummy
D:10:     hangedman_ranch
D:11:     erik_lair_island, serial_shops, shop, kennysheep_flooded_box,
          nrook_mini_vaults
D:13:     david_vaults_5, serial_shops, nicolae_shop_behind_doors, uniq_kirke
D:14:     nicolae_dithmenos_shadow_blocks, hangedman_decor_slide_cut
D:15:     grunt_enter_depths_magical_seal, minmay_parallelograms
Temple:   nicolae_temple_figure_zero
Lair:1:   grunt_megastairs_1
Lair:2:   minmay_swamp_entry_worms, minmay_hedge_maze, st_stairs_8,
          minmay_lair_oklob_chamber, uniq_gastronok
Lair:3:   st_stairs_9
Lair:4:   minmay_snake_entry_guardpost_small, bobbens_dragon_lair_wall
Lair:5:   gammafunk_lair_enchanted_lake, minmay_slime_entry_pillars,
          lab_entry_generic, uniq_rupert
Lair:6:   minmay_lair_end_enchanted_forest, grunt_megastairs_5,
          lemuel_fruit_fields, lemuel_fruit_fields
Swamp:1:  hangedman_swamp_blocks
Swamp:2:  serial_swamp_ruin, evilmike_swamp_ruin_house_3,
          evilmike_swamp_ruin_wall, evilmike_swamp_ruin_house_2, swamp_pool1
Swamp:3:  portal_ice_cave_entry_ice_statue_one, nicolae_swamp_godswood,
          swamp_pool1, uniq_roxanne
Snake:2:  nicolae_coiled_stairwell_up, lemuel_fruit_tree, uniq_vashnia
Snake:3:  serial_bayou_shore_b
Snake:4:  snake_pit_salamanders_mu
Orc:1:    basic_altar
Orc:2:    st_orc_rangers
Lab:      labyrinth_watery, nicolae_lab_garden, labyrinth_fake_exit,
          nicolae_lab_arrow, labyrinth_glass_1, lab_fountain, nicolae_lab_lava,
          labyrinth_lava_lair
Sewer:    sewer_frog_island_02
IceCv:    ice_cave_caverns_02

Skill      XL: |  1  2  3  4  5  6  7  8  9 10 11 12 13 14 15 16 17 |
---------------+----------------------------------------------------+-----
Fighting       | 3 4 5 6 9 10 | 10.0
Axes           | 3 4 5 7 9 11 13 15 17 19 21 23 26 | 26.2
Armour         | 2 3 4 7 9 10 13 | 13.1
Dodging        | 3 4 5 7 8 10 | 10.0
Spellcasting   | 2 3 |  3.1
Evocations     | 1 2 5 6 |  6.0
Invocations    | 2 3 5 6 7 8 |  8.0
Translocations | 3 5 |  5.0
Charms         | 3 |  3.0
Necromancy     | 3 |  3.0
Air Magic      | 3 4 |  4.0
Throwing       | |  1.0

Action                   |  1- 3 |  4- 6 |  7- 9 | 10-12 | 13-15 | 16-18 || total
-------------------------+-------+-------+-------+-------+-------+-------++-------
Melee: Hand axe          |    83 |   157 |     8 |       |       |       ||   248
       Headbutt          |     5 |    21 |    70 |   104 |   233 |   225 ||   658
       War axe           |       |       |   239 |       |       |       ||   239
       Battleaxe         |       |       |   100 |   474 |  1061 |   696 ||  2331
       Flail             |       |       |       |    13 |    11 |       ||    24
       Demon trident     |       |       |       |       |    16 |       ||    16
       Executioner's axe |       |       |       |       |     7 |   136 ||   143
       Kick              |       |       |       |       |    44 |   309 ||   353
Throw: Javelin           |       |       |       |       |     5 |       ||     5
 Cast: Passage of Golubr |       |       |       |       |     1 |       ||     1
       Regeneration      |       |       |       |       |     3 |     7 ||    10
       Swiftness         |       |       |       |       |       |     1 ||     1
Invok: Heroism           |       |       |     1 |    10 |    48 |    26 ||    85
       Finesse           |       |       |       |     2 |     2 |     4 ||     8
 Abil: Evoke Berserk Rag |       |     5 |     8 |    16 |     4 |     6 ||    39
Evoke: Wand              |       |     1 |       |    10 |     3 |     1 ||    15
  Use: Scroll            |     1 |     2 |    10 |     6 |    12 |    10 ||    41
       Potion            |     1 |     5 |     7 |     1 |     5 |     3 ||    22
 Stab: Invisible         |       |     4 |       |       |       |       ||     4
       Sleeping          |       |     2 |       |       |     1 |     2 ||     5
       Petrified         |       |       |       |       |     5 |       ||     5
       Distracted        |       |       |       |       |     1 |       ||     1
  Eat: Chunk             |     1 |    10 |    21 |    39 |    29 |     7 ||   107
       Meat ration       |       |       |       |     2 |       |     2 ||     4
       Fruit             |       |       |       |    11 |    14 |     9 ||    34
       Bread ration      |       |       |       |       |     1 |     1 ||     2
       Royal jelly       |       |       |       |       |     1 |       ||     1
Armor: Leather armour    |    16 |    21 |       |       |       |       ||    37
       Scale mail        |       |    18 |   138 |   108 |       |       ||   264
       Ring mail         |       |     9 |       |       |       |       ||     9
       Troll leather arm |       |       |       |    75 |   240 |   182 ||   497
Dodge: Dodged            |    61 |   115 |   253 |   311 |   778 |   612 ||  2130
       Deflected         |       |       |       |     6 |    60 |    49 ||   115
